 Dungeon Crawl Stone Soup version 0.28-a0-390-gb254ac4902 (webtiles) character file.

Game seed: 11458942890839225965

13 SkeletonJelly the Slasher (level 2, 0/16 HPs)
             Began as a Vine Stalker Chaos Knight on Sept 3, 2021.
             Was a Plaything of Xom.
             Slain by a kobold (3 damage)
             ... on level 1 of the Dungeon.
             The game lasted 00:00:59 (543 turns).

SkeletonJelly the Slasher (VSCK)                     Turns: 543, Time: 00:01:00

Health: 0/16       AC:  5    Str: 14    XL:     2   Next: 37%
Magic:  0/3        EV: 10    Int: 12    God:    Xom [.....*]
Gold:   26         SH:  3    Dex: 13    Spells: 1/1 levels left

rFire   . . .      SeeInvis .   a - +0 falchion (chaos)
rCold   . . .      Faith    .   d - +0 buckler
rNeg    . . .      Spirit   +   b - +2 leather armour
rPois   .          Reflect  .   (no helmet)
rElec   .          Harm     .   (no cloak)
rCorr   .          Rampage  .   (no gloves)
Will    .....                   (no boots)
Stlth   +.........              (no amulet)
HPRegen 0.05/turn               (no ring)
MPRegen 0.08/turn               (no ring)

@: liquefying, slowed movement, very slow
A: fangs 2, magic shield, antimagic bite, no potion heal 2
a: Renounce Religion


You were on level 1 of the Dungeon.
You worshipped Xom.
You were Xom's teddy bear.
You visited 1 branch of the dungeon, and saw 1 of its levels.

You collected 26 gold pieces.

Inventory:

Hand Weapons
 a - a +0 falchion of chaos (weapon)
Armour
 b - a +2 leather armour (worn)
 d - a +0 buckler (worn)
Potions
 c - 2 potions of curing {unknown}


   Skills:
 - Level 2.6 Fighting
 * Level 3.3 Long Blades
 - Level 1.5 Armour
 - Level 0.7 Dodging
 + Level 0.0 Shields


You had one spell level left.
You didn't know any spells.
Your spell library was empty.

Dungeon Overview and Level Annotations

Branches:
Dungeon (1/15)

Altars:


Innate Abilities, Weirdness & Mutations

You have extremely sharp teeth.
When hurt, damage is shared between your health and your magic reserves.
Your bite disrupts and absorbs the magic of your enemies.
Potions cannot restore your health.


Message History

The bat closely misses you. The bat barely misses you.
You closely miss the bat. Your bite misses the bat.
The bat closely misses you. "Let's try an experiment, hmmm?"
Your eyebrows briefly feel incredibly bushy.
The bat closely misses you. The bat barely misses you.
You hit the bat.
The bat is moderately wounded.
The bat hits you but does no damage. The bat barely misses you.
The bat is no longer unusually agile.
The bat hits you but does no damage.
You hit the bat.
You kill the bat!
No target in view!
No target in view!
No target in view!
No target in view!
A dart slug comes into view.
The dart slug launches a dart at you.
The slug dart hits you but does no damage.
You see here a +0 buckler.
d - a +0 buckler The dart slug launches a dart at you.
The slug dart misses you. The dart slug closely misses you.
You hit the dart slug.
The dart slug is poisoned.
You bite the dart slug. You drain its power.
The dart slug is heavily wounded.
The dart slug bites you but does no damage.
You barely miss the dart slug.
The dart slug is almost dead.
You kill the dart slug!
Health restored: 16 No target in view!
No target in view!
No target in view!
No target in view!
You start putting on your armour.
You continue putting on your +0 buckler. x4
You finish putting on your +0 buckler.
You see here a dart slug corpse.
Key pressed, stopping explore.
Found 27 stones.
You see here 27 stones.
Found a stone staircase leading down.
Found a ring mail.
No target in view!
No target in view!
A ball python, a quokka and a kobold come into view.
The kobold shouts!
The ball python hisses angrily.
Found 10 gold pieces.
The kobold hits you with a +0 club.
You take 3 damage, and have 13/16 hp.
You now have 2/3 mp.
You closely miss the kobold. You bite the kobold. You drain its power.
You feel invigorated.
The kobold is moderately wounded.
The kobold hits you with a +0 club.
You take 3 damage, and have 10/16 hp.
You hit the kobold but do no damage.
The kobold is moderately wounded.
The kobold blinks!
The quokka bites you. x2
* * * LOW HITPOINT WARNING * * *
You block the ball python's attack. The ball python closely misses you.
You take 6 damage, and have 4/16 hp.
MASSIVE DAMAGE!!
You now have 1/3 mp.
You are too injured to fight recklessly!
You are too injured to fight recklessly!
You are too injured to fight recklessly!
You are too injured to fight recklessly!
You are too injured to fight recklessly!
You are too injured to fight recklessly!
Xom plays with reality for a moment.
The ground around you becomes liquefied!
You are now Xom's teddy bear.
You closely miss the quokka.
The quokka becomes momentarily stuck in the liquid earth. x2
The kobold closely misses you.
You closely miss the quokka. You bite the quokka, but do no damage.
The quokka bites you but does no damage.
The kobold hits you but does no damage.
You closely miss the quokka. The quokka closely misses you.
The kobold hits you but does no damage. The quokka closely misses you.
You hit the quokka.
The quokka is devoured by a tear in reality.
The kobold barely misses you. The ball python completely misses you.
The ball python barely misses you. The kobold completely misses you.
The ball python barely misses you. You block the ball python's attack.
You barely miss the ball python. You block the ball python's attack. x2
The kobold hits you with a +0 club.
* * * LOW HITPOINT WARNING * * *
You take 2 damage, and have 2/16 hp.
You now have 1/3 mp.
You hit the ball python. You burn the ball python.
The ball python is severely wounded.
The ball python bites you but does no damage.
The ball python grabs you. The ball python constricts you.
You block the kobold's attack.
The ball python bites you but does no damage.
The ball python constricts you.
You now have 0/3 mp.
You escape the ball python's grasp.
The kobold hits you with a +0 club.
You die... "It was about time."

######.##.#.####.### #.##
........(.#.# #.# #.##
.####..#.#.####.######.##
##.#...............##
#...#.............#
#...#...♣♣♣♣♣♣♣♣♣.#
#...#..♣..PP..PP♣.##
#...#..♣...P..PP♣..[
##.@#. ♣P...PP..♣..# #SK#
♣PP.<.P..♣..# #§.#
.♣..P...PP♣.). #§§#
.♣..PP...P♣...
#..#..♣PP..P...♣...
#.######..#..♣PP..PP..♣...
.............♣♣♣♣♣♣♣♣♣....
#.#######..[..............
.........>........####..


You could see a ball python and a kobold.

Vanquished Creatures
  A dart slug (D:1)
  2 ball pythons (D:1)
  A bat (D:1)
  An endoplasm (D:1)
  A goblin (D:1)
  A hobgoblin (D:1)
  A kobold (D:1)
  A rat (D:1)
9 creatures vanquished.

Notes
Turn   | Place    | Note
-------+----------+-------------------------------------------
     0 | D:1      | SkeletonJelly the Vine Stalker Chaos Knight began the quest
                  | for the Orb.
     0 | D:1      | Reached XP level 1. HP: 11/11 MP: 2/2
    11 | D:1      | XOM: silly message
    33 | D:1      | Found Nozaas's Distillery.
    34 | D:1      | XOM: divination: magic mapping
    43 | D:1      | XOM: butterfly on damage
   254 | D:1      | XOM: silly message
   302 | D:1      | Reached skill level 3 in Long Blades
   384 | D:1      | Reached XP level 2. HP: 16/16 MP: 3/3
   436 | D:1      | XOM: smoke on damage
   447 | D:1      | XOM: silly message
   533 | D:1      | XOM: cast spell 'Leda's Liquefaction'
   543 | D:1      | Slain by a kobold

Illustrated notes

Levels and vault maps discovered:
D:1:      scummos_arrival_checkerplants, layout_basic, serial_shops, shop,
          dreamdust_ecumenical_altar_hidden_monk_grotto

Skill      XL: |  1 |
---------------+----+-----
Long Blades    | 3 |  3.3
Fighting       | |  2.6
Armour         | |  1.5
Dodging        | |  0.7

Action                   || total
-------------------------++-------
Melee: Falchion          ||    33
       Bite              ||     6
Armor: Leather armour    ||    24
Dodge: Dodged            ||    35
Block: Buckler           ||     5

Table legend: (Time is in decaauts)
 A = Elapsed time spent in this place.
 B = Non-inter-level travel time spent in this place.
 C = Inter-level travel time spent in this place.
 D = Time resting spent in this place.
 E = Time spent auto-exploring this place.
 F = Levels seen in this place.
 G = Mean time per level.
                   A        B        C        D        E       F      G
               +--------+--------+--------+--------+--------+-----+--------+
         Total |    549 |    549 |      0 |      0 |    438 |   1 |  549.0 |
       Dungeon |    549 |    549 |      0 |      0 |    438 |   1 |  549.0 |
               +--------+--------+--------+--------+--------+-----+--------+

Top non-repeatable levels by time:
     D:1: 549 daAuts
